 Dungeon Crawl Stone Soup version 0.24.0-123-gd5b16e6ec5 (webtiles) character file.

Game seed: 17709914004739416480, levelgen mode: deterministic

107 vurker the Gusty (level 4, -2/35 HPs)
             Began as a Draconian Air Elementalist on Feb 1, 2020.
             Slain by Crazy Yiuf
             ... wielding a +2 quarterstaff of chaos
              (4 damage)
             ... on level 2 of the Dungeon.
             The game lasted 00:02:52 (2481 turns).

vurker the Gusty (Draconian Air Elementalist)       Turns: 2481, Time: 00:02:52

Health: -2/35      AC:  5    Str: 11    XL:     4   Next: 56%
Magic:  1/8        EV: 12    Int: 21    God:
Gold:   41         SH:  0    Dex: 11    Spells: 7/8 levels left

rFire    . . .     SeeInvis .   b - +0 dagger
rCold    . . .     Gourm    .   (no shield)
rNeg     . . .     Faith    .   (armour unavailable)
rPois    .         Spirit   .   (helmet restricted)
rElec    .         Reflect  .   (no cloak)
rCorr    .         Harm     .   (no gloves)
MR       .....                  (no boots)
Stlth    ++........             (no amulet)
HPRegen  0.11/turn              (no ring)
MPRegen  0.11/turn              (no ring)

@: brilliant, lethally poisoned (-2 -> -14), slowed, lightly drained, very slow
A: unfitting armour, cold-blooded, AC +5
a: no special abilities


You were on level 2 of the Dungeon.
You were not hungry.

You visited 1 branch of the dungeon, and saw 2 of its levels.

You collected 41 gold pieces.

Inventory:

Hand Weapons
 b - a +0 dagger (weapon)
   (You took it off a goblin on level 1 of the Dungeon)
Armour
 c - a +0 pair of boots
   (You found it on level 1 of the Dungeon)
Scrolls
 a - a scroll of remove curse {unknown}
 g - a scroll of blinking {unknown}
 i - 3 scrolls of fog {unknown}
 j - a scroll of identify {unknown}
Potions
 d - a potion of brilliance
 f - a potion of haste {unknown}
Comestibles
 e - 4 rations
 h - 4 chunks of flesh


   Skills:
 + Level 1.5(1.2) Fighting
 - Level 1.7(1.4) Dodging
 - Level 1.7(1.4) Stealth
 * Level 2.8(2.5) Spellcasting
 * Level 2.5(2.1) Conjurations
 * Level 3.8(3.4) Air Magic


You had 7 spell levels left.
You knew the following spells:

 Your Spells              Type           Power        Failure   Level  Hunger
a - Shock                 Conj/Air       ####         1%          1    None

Your spell library contained the following spells:

 Spells                   Type           Power        Failure   Level  Hunger
 Swiftness                Chrm/Air       ###.....     1%          2    ##.....
 Static Discharge         Conj/Air       ####....     1%          3    ###....
 Airstrike                Air            ####......   4%          4    ####...
 Lightning Bolt           Conj/Air       ####......   13%         5    ######.


Dungeon Overview and Level Annotations

Branches:
Dungeon (2/15)

Altars:

Annotations:
D:2 Crazy Yiuf


Innate Abilities, Weirdness & Mutations

Your plain brown scales are hard. (AC +5)
You cannot fit into any form of body armour.
You are cold-blooded and may be slowed by cold attacks.


Message History

A bat is nearby!
Aim: a bat The zap hits the bat.
You kill the bat!
You can't see any susceptible monsters within range! (Use Z to cast anyway.)
You can't see any susceptible monsters within range! (Use Z to cast anyway.)
You can't see any susceptible monsters within range! (Use Z to cast anyway.)
You butcher the bat corpse.
h - 4 chunks of flesh (gained 1)
You see here a bat skeleton. x2
Okay, then.
You open the door.
Crazy Yiuf shouts!
Aim: Crazy Yiuf, wielding a +2 quarterstaff of chaos and wearing a +0 cloak The zap misses Crazy Yiuf.
Aim: Crazy Yiuf, wielding a +2 quarterstaff of chaos and wearing a +0 cloak The zap misses Crazy Yiuf.
Crazy Yiuf barely misses you.
Aim: Crazy Yiuf, wielding a +2 quarterstaff of chaos and wearing a +0 cloak The zap hits Crazy Yiuf.
Crazy Yiuf yells, "Iron snockshim sow!"
Crazy Yiuf hits you with a +2 quarterstaff of chaos!
You feel drained.
Aim: Crazy Yiuf, wielding a +2 quarterstaff of chaos and wearing a +0 cloak (lightly wounded)
The zap hits Crazy Yiuf.
Aim: Crazy Yiuf, wielding a +2 quarterstaff of chaos and wearing a +0 cloak (moderately wounded)
The zap hits Crazy Yiuf but does no damage.
Crazy Yiuf hits you with a +2 quarterstaff of chaos.
Aim: Crazy Yiuf, wielding a +2 quarterstaff of chaos and wearing a +0 cloak (moderately wounded)
The zap hits Crazy Yiuf.
Crazy Yiuf misses you.
Aim: Crazy Yiuf, wielding a +2 quarterstaff of chaos and wearing a +0 cloak (heavily wounded)
The zap hits Crazy Yiuf.
Crazy Yiuf hits you but does no damage.
You feel yourself slow down.
Aim: Crazy Yiuf, wielding a +2 quarterstaff of chaos and wearing a +0 cloak (severely wounded)
The zap misses Crazy Yiuf.
Crazy Yiuf hits you with a +2 quarterstaff of chaos!
* * * LOW HITPOINT WARNING * * *
You feel as though you will be slow longer.
Crazy Yiuf freezes you.
* * * LOW HITPOINT WARNING * * *
Crazy Yiuf hits you with a +2 quarterstaff of chaos!
* * * LOW HITPOINT WARNING * * *
You are lethally poisoned!
You don't have enough magic to cast that spell.
It was a potion of brilliance.
You feel clever all of a sudden.
* * * LOW HITPOINT WARNING * * *
You feel sick.
Crazy Yiuf laughs, "Key!"
Crazy Yiuf hits you with a +2 quarterstaff of chaos.
You die...

#.###########.#
#÷# #.# #.# #.#
### #.# #.#
♣♣♣♣♣## #.# ###
♣♣♣.♣...### #.#
#...#♣..♣.♣....##
#.#
#...g@♣♣♣♣......#
#.# #)..#♣♣
♣♣..#..# #.# ###
♣♣###.# #.# ##.#
#.# #..# #..
####.## ###
#.....###
#.......###
#...<##...##


You could see Crazy Yiuf.

Vanquished Creatures
  3 gnolls
  3 adders
  2 leopard geckos (D:1)
  3 giant cockroaches
  5 goblins
  4 hobgoblins
  9 jackals
  A quokka (D:2)
  7 bats
  3 frilled lizards (D:2)
  4 kobolds
  7 rats
51 creatures vanquished.

Notes
Turn   | Place    | Note
-------+----------+-------------------------------------------
     0 | D:1      | vurker the Draconian Air Elementalist began the quest for
                  | the Orb.
     0 | D:1      | Reached XP level 1. HP: 14/14 MP: 3/3
   294 | D:1      | Reached XP level 2. HP: 17/22 MP: 0/5
  1193 | D:1      | Reached XP level 3. HP: 27/27 MP: 1/6
  1258 | D:1      | Reached skill level 1 in Fighting
  1340 | D:2      | Found a runed translucent door.
  1341 | D:2      | Noticed Crazy Yiuf
  1579 | D:2      | Reached XP level 4. HP: 18/35 MP: 1/8
  2481 | D:2      | Slain by Crazy Yiuf

Levels and vault maps discovered:
D:1:      dpeg_arrival_long_road, layout_loops_ring
D:2:      layout_rooms, serial_corexii_hall, chequers_hall_statues_wall_a,
          corexii_hall_statues_t, corexii_hall_statues_t,
          chequers_hall_statues_y, uniq_crazy_yiuf_cottage

Skill      XL: |  1  2  3 |
---------------+----------+-----
Fighting       | 1 |  1.5
Conjurations   | 2 |  2.5
Dodging        | |  1.7
Stealth        | |  1.7
Spellcasting   | |  2.8
Air Magic      | |  3.8

Action                   |  1- 3 |  4- 6 || total
-------------------------+-------+-------++-------
Melee: Unarmed           |    17 |       ||    17
       Tailslap          |     7 |       ||     7
       Dagger            |    41 |    14 ||    55
 Cast: Shock             |    66 |    44 ||   110
  Use: Potion            |       |     1 ||     1
  Eat: Chunk             |     3 |     3 ||     6
Armor: Skin              |    24 |    10 ||    34
Dodge: Dodged            |    52 |    17 ||    69
